 Dungeon Crawl Stone Soup version 0.23.1 (webtiles) character file.

Game seed: 17480966196681456734

33 Borgoz the Skirmisher (level 3, 0/31 HPs)
             Began as a Ghoul Monk on Mar 18, 2019.
             Slain by Sigmund
             ... wielding a +0 scythe
              (8 damage)
             ... on level 3 of the Dungeon.
             The game lasted 00:01:39 (862 turns).

Borgoz the Skirmisher (Ghoul Monk)                   Turns: 862, Time: 00:01:40

Health: 0/31       AC:  6    Str: 17 (19) XL:     3   Next: 29%
Magic:  2/2        EV: 10    Int:  3 (5)  God:
Gold:   93         SH:  0    Dex: 10 (12) Spells: 2/2 levels left

rFire    . . .     SeeInvis .   a - +0 short sword
rCold    + . .     Gourm    .   (no shield)
rNeg     + + +     Faith    .   j - +0 scale mail (curse)
rPois    ∞         Spirit   .   (no helmet)
rElec    .         Reflect  .   (no cloak)
rCorr    .         Harm     .   (no gloves)
MR       .....                  (no boots)
Stlth    +.........             (no amulet)
HPRegen  0.00/turn              (no ring)
MPRegen  0.08/turn              (no ring)

@: mighty, rotting
A: rotting body, claws 1, carnivore, cold resistance 1, negative energy
resistance 3, inhibited regeneration, torment resistance, unbreathing
a: no special abilities


You were on level 3 of the Dungeon.
You were not hungry.

You visited 1 branch of the dungeon, and saw 3 of its levels.

You collected 93 gold pieces.

Inventory:

Hand Weapons
 a - a +0 short sword (weapon)
Armour
 b - a +0 robe
 j - a cursed +0 scale mail (worn)
Jewellery
 l - a cursed -3 ring of strength {unknown}
Scrolls
 d - 2 scrolls of teleportation {unknown}
 e - a scroll of identify {unknown}
 i - 2 scrolls of remove curse {unknown}
Potions
 g - 2 potions of might
 h - a potion of agility {unknown}
Comestibles
 c - 3 rations


   Skills:
 + Level 3.4 Fighting
 * Level 3.1 Short Blades
 * Level 1.0 Armour
 * Level 3.0 Dodging
 + Level 2.5 Stealth


You had 2 spell levels left.
You didn't know any spells.
Your spell library was empty.

Dungeon Overview and Level Annotations

Branches:
Dungeon (2/15)

Altars:

Annotations:
D:3 Sigmund


Innate Abilities, Weirdness & Mutations

Your body is rotting away.
You thrive on raw meat.
You are immune to poison.
You have sharp fingernails.
You are carnivorous and can eat meat at any time.
Your flesh is cold resistant. (rC+)
You are immune to negative energy. (rN+++)
You do not regenerate when monsters are visible.
You are immune to unholy pain and torment.
You can survive without breathing.


Message History

You puncture the kobold!
You kill the kobold!
Your Armour skill increases to level 1!
Something hits you but does no damage.
You puncture the rat!
You kill the rat!
Something hits you.
* * * LOW HITPOINT WARNING * * *
Things that are here:
2 stones; a giant cockroach corpse Something hits you but does no damage.
You see here a stone.
Things that are here:
2 stones; a giant cockroach corpse Something hits you but does no damage.
You see here a potion of might.
Okay, then.
g - 2 potions of might (gained 1)
Something hits you!
You die...

#. ###...
#####.####......
...............$
.............
..........# .
#..##... ...
#..##.########.....
#..).....@((.......
#..##.#####.(.#....
#.....# #........
##..#.# #........
##.#.# ###......
#.#.. ...... .#..
[..... .... ......


There were no monsters in sight!

Vanquished Creatures
  An adder (D:2)
  A dart slug (D:2)
  3 giant cockroaches
  3 goblins
  3 hobgoblins
  A bat (D:1)
  3 frilled lizards
  3 kobolds
  5 rats
23 creatures vanquished.

Vanquished Creatures (others)
  A quokka (D:2)
1 creature vanquished.

Grand Total: 24 creatures vanquished

Notes
Turn   | Place    | Note
-------+----------+-------------------------------------------
     0 | D:1      | Borgoz the Ghoul Monk began the quest for the Orb.
     0 | D:1      | Reached XP level 1. HP: 19/19 MP: 0/0
   268 | D:1      | Reached XP level 2. HP: 14/26 MP: 1/1
   790 | D:2      | Reached XP level 3. HP: 23/31 MP: 2/2
   820 | D:2      | You fall through a shaft!
   837 | D:3      | Noticed Sigmund
   856 | D:3      | Reached skill level 1 in Armour
   862 | D:3      | Slain by Sigmund

Skill      XL: |  1  2  3 |
---------------+----------+-----
Short Blades   | 3 |  3.1
Dodging        | 3 |  3.0
Armour         | 1 |  1.0
Fighting       | |  3.4
Stealth        | |  2.5

Action                   || total
-------------------------++-------
Melee: Short sword       ||   104
  Use: Potion            ||     2
 Stab: Sleeping          ||     1
  Eat: Chunk             ||     7
Armor: Robe              ||     6
       Scale mail        ||    32
Dodge: Dodged            ||    66
